 Dungeon Crawl Stone Soup version 0.31-a0-4-gefa6de2278 (webtiles) character file.

Game seed: 12960413389876198936

19643 greenreed the Grappler (level 12, -12/130 HPs)
             Began as a Troll Gladiator on May 4, 2023.
             Was a Follower of Ru.
             Killed from afar by a frost giant (21 damage)
             ... with a bolt of cold
             ... in an ice cave.
             The game lasted 00:26:50 (9318 turns).

greenreed the Grappler (Troll Gladiator)            Turns: 9318, Time: 00:26:51

Health: -12/130    AC:  9    Str: 29    XL:     12   Next: 38%
Magic:  11/11      EV: 12    Int:  4    God:    Ru [*.....]
Gold:   847        SH:  5    Dex: 11    Spells: 11/11 levels left

rFire   . .          .
                       - Unarmed
rCold   + . .        (no shield)
rNeg    . . .        Y - +0 acid dragon scales
rPois   .            b - +0 hat
rElec   .            y - +0 cloak
rCorr   +            (gloves unavailable)
SInv    .            (boots unavailable)
Will    +....        f - amulet of reflection Stlth
                     n - ring of protection from cold
HPRegen 1.21/turn    x - ring of willpower
MPRegen 0.12/turn

%: reflection
@: no status effects
A: large, unfitting armour, claws 3, regeneration 1, shaggy fur 1, tough skin 1,
no stealth, missing an eye
a: Renounce Religion


You were in an ice cave.
You worshipped Ru.
Ru was aware of your devotion.
You visited 2 branches of the dungeon, and saw 12 of its levels.
You also visited: Ossuary, Bailey and Ice Cave.

You collected 938 gold pieces.
You spent 91 gold pieces at shops.

Inventory:

Hand Weapons
 T - a +0 whip of freezing
Missiles
 c - 2 throwing nets (quivered)
 m - 3 atropa-tipped darts
 w - 17 poisoned darts
 W - 2 curare-tipped darts
Armour
 b - a +0 hat (worn)
 y - a +0 cloak (worn)
 Y - +0 acid dragon scales (worn)
Jewellery
 f - an amulet of reflection (around neck)
 g - a ring of wizardry
 h - a ring of magical power
 n - a ring of protection from cold (left claw)
 p - a +6 ring of dexterity
 x - a ring of willpower (right claw)
 I - a +6 ring of strength
 Q - a +6 ring of dexterity
 R - a ring of positive energy
 Z - a ring of see invisible
Wands
 J - a wand of flame (35)
 L - a wand of roots (10)
 U - a wand of polymorph (7)
Scrolls
 e - a scroll of amnesia {unknown}
 r - 5 scrolls of teleportation
 s - a scroll of fog
 t - a scroll of enchant weapon
 u - a scroll of blinking
 A - 2 scrolls of brand weapon {unknown}
 F - a scroll of immolation
 H - 2 scrolls of butterflies {unknown}
 K - a scroll of fear {unknown}
 M - a scroll of acquirement {unknown}
 O - 2 scrolls of magic mapping {unknown}
 P - 2 scrolls of enchant armour {unknown}
 S - 2 scrolls of vulnerability {unknown}
 V - 2 scrolls of identify
 X - a scroll of poison {unknown}
Potions
 i - 3 potions of mutation {unknown}
 j - a potion of ambrosia {unknown}
 l - 6 potions of curing
 z - 4 potions of brilliance
 B - a potion of cancellation {unknown}
 C - 3 potions of might {unknown}
 D - 3 potions of attraction {unknown}
 E - a potion of flight {unknown}
 G - a potion of resistance {unknown}
 N - 3 potions of berserk rage {unknown}
Miscellaneous
 a - a condenser vane (inert)
 d - a lightning rod (inert)
 k - a phantom mirror
 o - a box of beasts


   Skills:
 * Level 11.2 Fighting
 - Level 1.7 Throwing
 + Level 8.2 Dodging
 * Level 13.5 Unarmed Combat


You had 11 spell levels left.
You didn't know any spells.
Your spell library contained the following spells:

 Spells                   Type           Power      Damage    Failure   Level
 Necrotise                Necr           0%         1d4       56%         1
 Summon Small Mammal      Summ           0%         N/A       56%         1
 Cigotuvi's Dreadful Rot  Necr/Pois/Air  0%         N/A       71%         2
 Ensorcelled Hibernation  Hex/Ice        0%         N/A       71%         2
 Passwall                 Tmut/Erth      0%         N/A       71%         2
 Poisonous Vapours        Pois/Air       0%         N/A       71%         2
 Call Canine Familiar     Summ           0%         N/A       90%         3
 Summon Guardian Golem    Hex/Summ       0%         N/A       90%         3
 Swiftness                Air            0%         N/A       90%         3
 Vampiric Draining        Necr           0%         2d6       90%         3
 Cause Fear               Hex            0%         N/A       100%        4
 Passage of Golubria      Tloc           0%         N/A       100%        4
 Agony                    Necr           0%         N/A       100%        5
 Haunt                    Necr/Summ      0%         N/A       100%        7
 Malign Gateway           Summ/Tloc      0%         N/A       100%        7


Dungeon Overview and Level Annotations

Branches:
Dungeon (11/15)            Temple (1/1) D:5            Lair (0/5) D:8
Ossuary (visited)          Bailey (visited)           IceCv (1/1)
    Orc: D:9-12

Altars:
Ashenzari
Cheibriados
Dithmenos
Elyvilon
Fedhas
Gozag
Hepliaklqana
Kikubaaqudgha
Makhleb
Nemelex Xobeh
Okawaru
Qazlal
Ru
Sif Muna
Trog
Uskayaw
Vehumet
Wu Jian
Xom
Yredelemnul
Zin
The Shining One

Shops:
D:1 =   D:4 [=*


Innate Abilities, Weirdness & Mutations

You are too large for most types of armour.
You have claws for hands.
Your natural rate of healing is unusually fast.
You are covered in fur. (AC +1)
You have tough skin. (AC +1)
You cannot be stealthy.
You are missing an eye, making it more difficult to aim.


Message History

The frost giant freezes you.
Aiming: Thunderbolt
Press: ? - help, Shift-Dir - straight line, f/p - death yak
Aim: a death yak (heavily wounded)
The thunderbolt hits the death yak!!
The death yak is severely wounded.
The thunderbolt hits the frost giant!
The frost giant is heavily wounded.
The frost giant hits you with a +1 battleaxe of freezing!!
The frost giant freezes you!
Aiming: Thunderbolt
Press: ? - help, Shift-Dir - straight line, f/p - death yak
Aim: a death yak (severely wounded)
The thunderbolt hits the death yak!!!
You kill the death yak!
The thunderbolt hits the frost giant!!!
The frost giant is almost dead.
The lightning rod overheats!
The frost giant hits you with a +1 battleaxe of freezing!!
* * * LOW HITPOINT WARNING * * *
The frost giant freezes you.
* * * LOW HITPOINT WARNING * * *
Unknown command.
Unknown command.
You feel much better.
The frost giant hits you with a +1 battleaxe of freezing!!
* * * LOW HITPOINT WARNING * * *
The frost giant freezes you.
* * * LOW HITPOINT WARNING * * *
Attack: -) Claws
Press: ? - help, Dir - move target, f - frost giant
Aim: a frost giant, wielding a +1 battleaxe of freezing (almost dead, about 25% to evade your claws)
Okay, then.
Unknown command.
Okay, then.
Clouds of noxious fumes condense around you!
The condenser dries out!
The frost giant casts a spell at you. The bolt of cold hits you!! You resist.
You die...

######## ##
####......##
.####.Y...#.§Yh####
..#....#######YC@.####
#...Y### ####....###
###### ###....###
###....### ###....#
###..# ####..##
####....## ###..†...##


You could see a frost giant, a polar bear and 2 yaks.

Vanquished Creatures
  14 death yaks
  An orc knight (D:11)
  Pikel (D:8)
  An ice statue (IceCv)
  A gargoyle (D:11)
  3 rime drakes (IceCv)
  3 polar bears (IceCv)
  Grinder (D:6)
  A hornet (D:8)
  2 trolls (D:9)
  A wyvern (D:8)
  18 yaks
  A steam dragon (D:8)
  Menkaure (D:6)
  11 orc warriors
  An acid dragon (D:9)
  A black bear (D:7)
  An ice beast (D:7)
  3 ogres
  5 wolves (IceCv)
  2 centaurs
  A phantom (D:4)
  2 kobold brigands
  2 bullfrogs
  A water moccasin zombie (D:3)
  4 scorpions
  A gnoll sergeant (D:9)
  15 killer bees
  2 electric eels (D:10)
  4 howler monkeys
  5 hounds
  3 jellies
  10 orc priests
  A sleepcap (D:5)
  Natasha (twice) (D:3)
  9 orc wizards
  A hell rat (D:8)
  8 mummies (Ossuary)
  16 gnolls
  4 adders
  A river rat (D:8)
  A shadow imp (D:8)
  A white imp (D:7)
  An ufetubus (D:7)
  An adder skeleton (D:3)
  A worm (D:3)
  A dart slug (D:1)
  54 orcs
  3 bats (D:2)
  5 endoplasms
  7 giant cockroaches
  5 goblins
  9 hobgoblins
  16 jackals
  6 quokkas
  8 ball pythons
  A ball python simulacrum (D:3)
  A ball python skeleton (D:3)
  4 frilled lizards
  A giant cockroach zombie (D:3)
  2 hobgoblin zombies (Ossuary)
  24 kobolds
  3 kobold zombies (Ossuary)
  3 orc zombies (Ossuary)
  A quokka skeleton (D:3)
  3 rats
327 creatures vanquished.

Vanquished Creatures (others)
  A kobold brigand (D:9)
  20 withered plants (D:3)
21 creatures vanquished.

Grand Total: 348 creatures vanquished

Notes
Turn   | Place    | Note
-------+----------+-------------------------------------------
     0 | D:1      | greenreed the Troll Gladiator began the quest for the Orb.
     0 | D:1      | Reached XP level 1. HP: 19/19 MP: 0/0
    15 | D:1      | Found Gohisteh's Jewellery Shoppe.
   138 | D:1      | Reached XP level 2. HP: 28/28 MP: 1/1
   292 | D:1      | Reached XP level 3. HP: 35/35 MP: 2/2
   996 | D:2      | Reached XP level 4. HP: 44/44 MP: 3/3
  1444 | D:3      | Reached skill level 4 in Unarmed Combat
  1559 | D:3      | Reached XP level 5. HP: 25/53 MP: 4/4
  1757 | D:3      | Noticed Natasha
  1760 | D:3      | Killed Natasha
  1797 | D:3      | Identified the +4 dagger of Cig Gue {pain, Str+3}
  2023 | D:3      | Noticed Natasha
  2026 | D:3      | Killed Natasha
  2027 | D:3      | Reached XP level 6. HP: 60/61 MP: 5/5
  2249 | D:4      | Found a sand-covered staircase.
  2270 | Ossuary  | Entered an ossuary
  2293 | Ossuary  | Reached skill level 5 in Unarmed Combat
  2719 | D:4      | Reached XP level 7. HP: 63/70 MP: 6/6
  2951 | D:4      | Found Soquwus's Jewellery Boutique.
  3069 | D:4      | Reached skill level 6 in Unarmed Combat
  3143 | D:4      | Found Huraikkuma's Armour Emporium.
  3158 | D:4      | Found a broken altar of Ashenzari.
  3158 | D:4      | Found a shimmering altar of Xom.
  3334 | D:4      | Found Cikiadgh's General Store.
  3338 | D:4      | Bought a potion of heal wounds for 65 gold pieces
  3338 | D:4      | Bought a scroll of identify for 26 gold pieces
  3397 | D:5      | Entered Level 5 of the Dungeon
  3630 | D:5      | Reached skill level 5 in Fighting
  3695 | D:5      | Found a staircase to the Ecumenical Temple.
  3703 | Temple   | Entered the Ecumenical Temple
  3909 | Temple   | Became a worshipper of Ru the Awakened
  4113 | D:5      | Reached XP level 8. HP: 78/80 MP: 7/7
  4410 | D:5      | Reached skill level 7 in Unarmed Combat
  4648 | D:6      | Noticed Menkaure
  4652 | D:6      | Killed Menkaure
  4864 | D:6      | Noticed Grinder
  4878 | D:6      | Killed Grinder
  4879 | D:6      | Reached skill level 5 in Dodging
  4879 | D:6      | Reached skill level 8 in Unarmed Combat
  4879 | D:6      | Reached XP level 9. HP: 80/91 MP: 8/8
  5983 | D:7      | Got the Tractate on Jinxing and Places
  6002 | D:7      | Reached skill level 9 in Unarmed Combat
  6329 | D:8      | Noticed a death yak
  6356 | D:8      | Killed a death yak
  6357 | D:8      | Reached XP level 10. HP: 80/104 MP: 9/9
  6392 | D:8      | Noticed a death yak
  6413 | D:8      | Noticed a death yak
  6421 | D:8      | Killed a death yak
  6422 | D:8      | Reached skill level 10 in Unarmed Combat
  6435 | D:8      | Killed a death yak
  6467 | D:8      | Found a staircase to the Lair.
  6705 | D:8      | Noticed Pikel
  6717 | D:8      | Killed Pikel
  6924 | D:9      | Found a flagged portal.
  6934 | D:8      | HP: 3/106 [killer bee (6)]
  6956 | D:8      | Gained mutation: You cannot be stealthy. [Ru sacrifice]
  7044 | Bailey   | Entered a bailey
  7266 | Bailey   | Reached skill level 11 in Unarmed Combat
  7344 | Bailey   | Got Gaschayt's Encyclopedia of the Wheelwright
  7385 | D:9      | Identified the +2 mace "Afetetwi" {heavy, *Noise rPois rN+
                  | Str+2}
  7702 | D:9      | Reached XP level 11. HP: 83/115 MP: 10/10
  7748 | D:10     | Entered Level 10 of the Dungeon
  8582 | D:11     | Noticed an orc knight
  8606 | D:11     | Killed an orc knight
  8637 | D:11     | Found a frozen archway.
  8650 | IceCv    | Entered an ice cave
  8695 | IceCv    | Noticed a death yak
  8698 | IceCv    | Reached skill level 12 in Unarmed Combat
  8702 | IceCv    | Reached skill level 10 in Fighting
  8727 | IceCv    | Killed a death yak
  8819 | IceCv    | Gained mutation: You are missing an eye, making it more
                  | difficult to aim. [Ru sacrifice]
  8819 | IceCv    | Reached * piety under Ru
  8847 | IceCv    | Noticed a death yak
  8849 | IceCv    | Noticed a death yak
  8849 | IceCv    | Noticed a death yak
  8853 | IceCv    | Killed a death yak
  8863 | IceCv    | Killed a death yak
  8873 | IceCv    | Killed a death yak
  9070 | IceCv    | Noticed a death yak
  9082 | IceCv    | Killed a death yak
  9087 | IceCv    | Reached XP level 12. HP: 85/128 MP: 11/11
  9155 | IceCv    | Noticed a death yak
  9157 | IceCv    | Noticed a death yak
  9157 | IceCv    | Noticed a death yak
  9157 | IceCv    | Noticed a death yak
  9157 | IceCv    | Noticed a death yak
  9173 | IceCv    | Killed a death yak
  9178 | IceCv    | Killed a death yak
  9179 | IceCv    | Reached skill level 13 in Unarmed Combat
  9187 | IceCv    | Killed a death yak
  9195 | IceCv    | Killed a death yak
  9199 | IceCv    | Killed a death yak
  9281 | IceCv    | Noticed a frost giant
  9281 | IceCv    | Noticed a death yak
  9316 | IceCv    | Killed a death yak
  9318 | IceCv    | Killed from afar by a frost giant

Illustrated notes

Levels and vault maps discovered:
D:1:      reono_arrival_forest_river, layout_rooms, serial_shops, shop
D:2:      layout_basic, grunt_ministairs_4
D:3:      layout_basic, dilly_guarded_unrand_morg
D:4:      cheibrodos_pilgrimage, layout_basic, mainiacjoe_overflow_divided_tiny,
          serial_shops, shop, shop, shop, chequers_ossuary_entry_cave
D:5:      layout_basic, minmay_temple_entry_hall, nicolae_figureground_sparkle
D:6:      layout_loops_ring, uniq_menkaure, uniq_grinder
D:7:      layout_loops_corners, nicolae_concentric_dashed_squares_mild
D:8:      layout_basic, dpeg_lair_monsters, uniq_pikel
D:9:      layout_gridville, enter_bailey_6
D:10:     layout_basic, serial_bayou_ford_a
D:11:     layout_cave_pools, portal_ice_cave_entry_pillars_2
Temple:   mainiacjoe_temple_cubbyholes
IceCv:    ice_cave_small_giant

Skill      XL: |  1  2  3  4  5  6  7  8  9 10 11 12 |
---------------+-------------------------------------+-----
Fighting       | 2 3 4 5 6 7 9 10 11 | 11.2
Unarmed Combat | 4 5 6 8 9 11 12 13 | 13.5
Dodging        | 3 4 5 6 7 8 |  8.2
Throwing       | |  1.7

Action                     |  1- 3 |  4- 6 |  7- 9 | 10-12 || total
---------------------------+-------+-------+-------+-------++-------
  Melee: Unarmed           |   118 |   210 |   246 |   380 ||   954
         Punch             |       |     5 |    15 |    35 ||    55
  Throw: Throwing net      |       |       |     4 |     6 ||    10
 Invoke: Reject Sacrifices |       |       |     1 |       ||     1
         Sacrifice Stealth |       |       |       |     1 ||     1
         Sacrifice an Eye  |       |       |       |     1 ||     1
  Evoke: Lightning rod     |       |       |       |     4 ||     4
         Condenser vane    |       |       |       |     1 ||     1
    Use: Scroll            |       |       |     9 |       ||     9
         Potion            |       |       |       |     9 ||     9
   Stab: Sleeping          |     2 |       |       |       ||     2
         Held in net/web   |       |       |       |     2 ||     2
 Armour: Robe              |    49 |    56 |    26 |    47 ||   178
         Acid dragon scale |       |       |       |    63 ||    63
  Dodge: Dodged            |    48 |    86 |   101 |   216 ||   451
  Block: Other             |    19 |    38 |    41 |    83 ||   181
         Reflection        |     3 |       |     2 |     2 ||     7

Table legend: (Time is in decaauts)
 A = Elapsed time spent in this place.
 B = Non-inter-level travel time spent in this place.
 C = Inter-level travel time spent in this place.
 D = Time resting spent in this place.
 E = Time spent auto-exploring this place.
 F = Levels seen in this place.
 G = Mean time per level.
                   A        B        C        D        E       F      G
               +--------+--------+--------+--------+--------+-----+--------+
         Total |   9176 |   8653 |    523 |    273 |   6300 |  15 |  611.7 |
       Dungeon |   7598 |   7137 |    461 |     56 |   5419 |  11 |  690.7 |
        Temple |    377 |    315 |     62 |      0 |    310 |   1 |  377.0 |
       Ossuary |    240 |    240 |      0 |      0 |    150 |   1 |  240.0 |
        Bailey |    324 |    324 |      0 |     30 |    152 |   1 |  324.0 |
      Ice Cave |    635 |    635 |      0 |    187 |    269 |   1 |  635.0 |
               +--------+--------+--------+--------+--------+-----+--------+

Top non-repeatable levels by time:
     D:2: 1018 daAuts
     D:7: 967 daAuts
     D:4: 908 daAuts
     D:3: 799 daAuts
    D:10: 740 daAuts
     D:5: 729 daAuts
     D:8: 714 daAuts
     D:6: 692 daAuts
   IceCv: 635 daAuts
     D:9: 494 daAuts
     D:1: 394 daAuts
  Temple: 377 daAuts
  Bailey: 324 daAuts
 Ossuary: 240 daAuts
    D:11: 137 daAuts
